 Dungeon Crawl Stone Soup version 0.30.0-18-gc0e69614cb (webtiles) character file.

Game seed: 13558845496824491162

21 Chodeload the Shield-Bearer (level 2, 0/19 HPs)
             Began as an Octopode Wanderer on May 24, 2023.
             Succumbed to a goblin's poison
             ... on level 1 of the Dungeon.
             The game lasted 00:01:14 (99 turns).

Chodeload the Shield-Bearer (Octopode Wanderer)       Turns: 99, Time: 00:01:14

Health: 0/19       AC:  1    Str: 15    XL:     2   Next: 87%
Magic:  3/3        EV: 11    Int: 12    God:
Gold:   17         SH:  4    Dex:  9    Spells: 2/3 levels left

rFire   . . .        a - +0 mace
rCold   . . .        b - +0 buckler
rNeg    . . .        (helmet restricted)
rPois   .            (no amulet)
rElec   .            (no ring)
rCorr   .            (no ring)
SInv    .            (no ring)
Will    .....        (no ring)
Stlth   ++           (no ring)
HPRegen 0.23/turn    (no ring)
MPRegen 0.08/turn    (no ring)
                     (no ring)

%: no passive effects
@: lethally poisoned (0 -> -17)
A: almost no armour, amphibious, 8 rings, camouflage 1, gelatinous body 1,
(nimble swimmer 1), tentacles
a: no special abilities


You were on level 1 of the Dungeon.
You visited 1 branch of the dungeon, and saw 1 of its levels.

You collected 17 gold pieces.

Inventory:

Hand Weapons
 a - a +0 mace (weapon)
Missiles
 e - 5 boomerangs
Armour
 b - a +0 buckler (worn)
Scrolls
 c - a scroll of blinking
 f - a scroll of teleportation {unknown}


   Skills:
 + Level 2.0 Fighting
 - Level 1.0 Maces & Flails
 - Level 5.2 Shields
 - Level 1.0 Spellcasting
 - Level 5.0 Conjurations
 - Level 5.0 Fire Magic


You had 2 spell levels left.
You knew the following spells:

 Your Spells              Type           Power      Damage    Failure   Level
a - Foxfire               Conj/Fire      48%        2x1d6     4%          1

Your spell library contained the following spells:

 Spells                   Type           Power      Damage    Failure   Level
 Momentum Strike          Conj/Tloc      12%        3d8       21%         2
 Blink                    Tloc           0%         N/A       50%         2
 Lesser Beckoning         Tloc           0%         N/A       50%         2
 Flame Wave               Conj/Fire      12%        2d6       43%         4
 Sticky Flame             Conj/Fire      12%        2d4       43%         4


Dungeon Overview and Level Annotations

Branches:
Dungeon (1/15)

Altars:


Innate Abilities, Weirdness & Mutations

You cannot wear most types of armour.
You are amphibious.
You can wear up to eight rings at the same time.
Your skin changes colour to match your surroundings (Stealth+).
Your rubbery body absorbs attacks. (AC +1, EV +1)
((You are camouflaged when in or above water. (Stealth+)))
You have tentacles for arms and can constrict up to eight enemies at once.


Message History

Okay, then.
e - 5 boomerangs A goblin comes into view.
It is wielding a +0 dagger.
A quokka comes into view.
Found 7 stones.
The helpless quokka fails to defend itself.
You thump the quokka!
You kill the quokka!
The helpless goblin fails to defend itself.
You hit the goblin. You grab the goblin.
The goblin is severely wounded.
You constrict the goblin.
You kill the goblin!
No target in view!
You see here a +0 dagger.
f - a scroll labelled DOKKAM LELIFE A goblin comes into view.
It is wielding a +2 dagger of venom.
Found 9 gold pieces.
The helpless goblin fails to defend itself.
You hit the goblin. Your grab misses the goblin.
The goblin is moderately wounded.
You block the goblin's attack.
The goblin hits you with a +2 dagger of venom.
You are poisoned.
You closely miss the goblin. Your grab misses the goblin.
The goblin is moderately wounded.
You feel very sick.
The goblin hits you with a +2 dagger of venom.
* * * LOW HITPOINT WARNING * * *
You are more poisoned.
You are too injured to fight recklessly!
It was a potion of experience.
You feel more experienced!
Your Shields skill gained 4 levels and is now at level 5!
Your Conjurations skill gained 5 levels and is now at level 5!
Training target 5.0 for Shields reached!
Training target 5.0 for Conjurations reached!
You need to enable at least one skill for training.
You have reached level 2!
You die...

#.#.....'..... #
#.#.....###### .
.##.##.####'#...... $.
#............#.####. ...
###.......#..#.# #..
....#######......#.# #..
........#####.#..#.###..
......g.......#.........
######@#######.##.###..
.............##.##.# #..
####..#.####.##.##.# #..
#..#............# #..
#..#####.###....# #..
###..........#....# #..
.......).....#.........
##.(..##.##..#...#####.
#...# #.#.#..#...# #.


You could see a goblin.

Vanquished Creatures
  A giant cockroach (D:1)
  A goblin (D:1)
  2 quokkas (D:1)
  A frilled lizard (D:1)
5 creatures vanquished.

Notes
Turn   | Place    | Note
-------+----------+-------------------------------------------
     0 | D:1      | Chodeload the Octopode Wanderer began the quest for the
                  | Orb.
     0 | D:1      | Chodeload set off with the following items: a +0 mace, a +0
                  | buckler, a scroll of blinking; and the following spell
                  | memorised: Foxfire; and the following spells available to
                  | memorise: Flame Wave, Sticky Flame.
     0 | D:1      | Reached XP level 1. HP: 14/14 MP: 2/2
    99 | D:1      | Reached skill level 5 in Shields
    99 | D:1      | Reached skill level 5 in Conjurations
    99 | D:1      | Reached XP level 2. HP: 4/19 MP: 3/3
    99 | D:1      | Succumbed to a goblin's poison

Illustrated notes

Levels and vault maps discovered:
D:1:      psy_arrival_fountain, layout_basic, serial_shops, shop, shop,
          nicolae_shop_gaudy_bauble, nicolae_shop_peninsula

Skill      XL: |  1 |
---------------+----+-----
Shields        | 5 |  5.2
Conjurations   | 5 |  5.0
Fighting       | |  2.0
Maces & Flails | |  1.0
Spellcasting   | |  1.0
Fire Magic     | |  5.0

Action                     || total
---------------------------++-------
  Melee: Mace              ||     8
         Constrict         ||     2
    Use: Potion            ||     1
   Stab: Sleeping          ||     4
  Dodge: Dodged            ||     1
  Block: Buckler           ||     2
